 Dungeon Crawl Stone Soup version 0.26-a0-524-g073066f (webtiles) character file.

Game seed: 5396171759521912748

195 roflturtle the Gusty (level 5, 0/38 HPs)
             Began as a Demigod Air Elementalist on Aug 13, 2020.
             Slain by an orc
             ... wielding a +0 flail
              (6 damage)
             ... on level 4 of the Dungeon.
             The game lasted 00:09:35 (3148 turns).

roflturtle the Gusty (Demigod Air Elementalist)     Turns: 3148, Time: 00:09:36

Health: 0/38       AC:  4    Str: 11    XL:     5   Next: 21%
Magic:  12/12      EV: 13    Int: 21    God:
Gold:   217        SH:  0    Dex: 16    Spells: 4/10 levels left

rFire    . . .     SeeInvis .   t - +0 dagger (venom)
rCold    . . .     Faith    .   (no shield)
rNeg     . . .     Spirit   .   a - +0 robe
rPois    .         Reflect  .   (no helmet)
rElec    .         Harm     .   h - +0 cloak
rCorr    .                      d - +0 pair of gloves
MR       .....                  (no boots)
Stlth    ++........             s - amulet of regeneration
HPRegen  0.52/turn              (no ring)
MPRegen  0.13/turn              (no ring)

@: no status effects
A: high mp 1
a: no special abilities


You were on level 4 of the Dungeon.
You visited 1 branch of the dungeon, and saw 5 of its levels.

You collected 217 gold pieces.

Inventory:

Hand Weapons
 t - a +0 dagger of venom (weapon)
Armour
 a - a +0 robe (worn)
 d - a +0 pair of gloves (worn)
 h - a +0 cloak (worn)
Jewellery
 k - an uncursed ring of protection from cold {unknown}
 r - a cursed ring of teleportation {unknown}
 s - an amulet of regeneration (around neck)
Scrolls
 c - 6 scrolls of identify {unknown}
 f - 3 scrolls of remove curse {unknown}
 i - 2 scrolls of enchant armour {unknown}
 l - a scroll of blinking {unknown}
 m - 2 scrolls of teleportation {unknown}
 n - a scroll of immolation {unknown}
 p - 2 scrolls of fear {unknown}
 v - a scroll of amnesia {unknown}
Potions
 b - 2 potions of magic {unknown}
 e - 3 potions of lignification {unknown}
 g - a potion of invisibility {unknown}
 j - 3 potions of curing {unknown}
 o - a potion of cancellation {unknown}
 q - 2 potions of mutation {unknown}
 u - 2 potions of flight {unknown}
 w - a potion of might {unknown}
 x - a potion of heal wounds {unknown}
 z - a potion of haste {unknown}


   Skills:
 - Level 2.0 Dodging
 - Level 2.0 Stealth
 - Level 3.0 Spellcasting
 - Level 3.0 Conjurations
 + Level 3.6 Air Magic


You had 4 spell levels left.
You knew the following spells:

 Your Spells              Type           Power        Failure   Level
a - Shock                 Conj/Air       ###.         3%          1
b - Swiftness             Air            ###.....     4%          2
c - Static Discharge      Conj/Air       ###.....     10%         3

Your spell library contained the following spells:

 Spells                   Type           Power        Failure   Level
 Airstrike                Air            ###.......   28%         4
 Lightning Bolt           Conj/Air       ###.......   67%         5


Dungeon Overview and Level Annotations

Branches:
Dungeon (5/15)
 Temple: D:4-7


Innate Abilities, Weirdness & Mutations

You have an increased reservoir of magic. (+10% MP)


Message History

The quokka misses you. The orc wizard casts a spell at you.
The puff of flame hits you. The ogre misses you. The quokka misses you.
The orc hits you with a +0 flail! The orc closely misses you.
The orc barely misses you.
The quokka bites you but does no damage.
The bullfrog skeleton hits you.
There is a stone staircase leading up here.
The bullfrog skeleton hits you but does no damage.
The quokka bites you.
* * * LOW HITPOINT WARNING * * *
The bullfrog skeleton hits you.
* * * LOW HITPOINT WARNING * * *
You climb upwards.
There is a stone staircase leading down here.
You hit the quokka.
The quokka is poisoned.
The quokka is moderately wounded.
The quokka closely misses you. The orc hits you with a +0 flail.
You die...

# #. #.. ##...
......#########
#...r@o......
##..#########
#. .. ##


You could see an orc and a quokka (very poisoned).

Vanquished Creatures
  A hound (D:3)
  Jessica (D:3)
  3 adders
  A shadow imp (D:3)
  An ooze (D:2)
  3 dart slugs
  3 worms
  2 leopard geckos (D:1)
  4 orcs
  3 ball pythons
  2 giant cockroaches
  14 goblins
  10 hobgoblins
  4 jackals (D:2)
  7 kobolds
  A quokka (D:3)
  10 bats
  4 frilled lizards
  4 rats
78 creatures vanquished.

Notes
Turn   | Place    | Note
-------+----------+-------------------------------------------
     0 | D:1      | roflturtle the Demigod Air Elementalist began the quest for
                  | the Orb.
     0 | D:1      | Reached XP level 1. HP: 14/14 MP: 5/5
    13 | D:1      | Reached skill level 1 in Conjurations
   158 | D:1      | Reached XP level 2. HP: 9/20 MP: 1/7
   254 | D:1      | Learned a level 2 spell: Swiftness
  1223 | D:1      | Reached XP level 3. HP: 26/26 MP: 8/8
  1228 | D:1      | Learned a level 3 spell: Static Discharge
  2155 | D:2      | Found a hazy altar of Hepliaklqana.
  2158 | D:2      | Reached XP level 4. HP: 33/33 MP: 6/9
  2905 | D:3      | Noticed Jessica
  2910 | D:3      | Killed Jessica
  2910 | D:3      | Reached XP level 5. HP: 38/38 MP: 5/12
  3106 | D:3      | You fall into a shaft and drop 2 floors!
  3106 | D:5      | Entered Level 5 of the Dungeon
  3119 | D:5      | Noticed an ogre
  3123 | D:5      | Found a hide-covered altar of Uskayaw.
  3123 | D:5      | Found a shadowy altar of Dithmenos.
  3148 | D:4      | Slain by an orc

Illustrated notes

Levels and vault maps discovered:
D:1:      sevenhm_arrival_forest_fort_large_4, layout_basic, st_stairs_2
D:2:      layout_basic, overflow_temple_1_default
D:3:      layout_loops_ring, minmay_mini_jars, uniq_jessica
D:4:      layout_loops_ring, serial_shops, shop
D:5:      lemuel_upstairs_altar, layout_rooms, grunt_temple_overflow_open,
          uniq_sigmund

Skill      XL: |  1  2  3  4 |
---------------+-------------+-----
Conjurations   | 1 2 3 |  3.0
Spellcasting   | 2 3 |  3.0
Air Magic      | 3 |  3.6
Stealth        | 2 |  2.0
Dodging        | 2 |  2.0

Action                   |  1- 3 |  4- 6 || total
-------------------------+-------+-------++-------
Melee: Unarmed           |     7 |       ||     7
       Short sword       |    57 |     2 ||    59
       Dagger            |       |    21 ||    21
 Cast: Shock             |    69 |    51 ||   120
 Stab: Sleeping          |     3 |     1 ||     4
Armor: Robe              |    19 |     8 ||    27
Dodge: Dodged            |    53 |    36 ||    89

Table legend: (Time is in decaauts)
 A = Elapsed time spent in this place.
 B = Non-inter-level travel time spent in this place.
 C = Inter-level travel time spent in this place.
 D = Time resting spent in this place.
 E = Time spent auto-exploring this place.
 F = Levels seen in this place.
 G = Mean time per level.
                   A        B        C        D        E       F      G
               +--------+--------+--------+--------+--------+-----+--------+
         Total |   3152 |   3071 |     81 |    139 |   2173 |   5 |  630.4 |
       Dungeon |   3152 |   3071 |     81 |    139 |   2173 |   5 |  630.4 |
               +--------+--------+--------+--------+--------+-----+--------+

Top non-repeatable levels by time:
     D:1: 1316 daAuts
     D:2: 982 daAuts
     D:3: 811 daAuts
     D:5: 40 daAuts
     D:4: 0 daAuts
